 Dungeon Crawl Stone Soup version 0.30-a0-586-g23e55c9e0a (webtiles) character file.

Game seed: 7465388453000480412

92 oldmanjim the Ducker (level 4, -4/33 HPs)
             Began as a Djinni Fire Elementalist on Jan 4, 2023.
             Killed by nerve-wracking pain
             ... invoked by an orc priest
              (11 damage)
             ... on level 3 of the Dungeon.
             The game lasted 00:04:48 (1878 turns).

oldmanjim the Ducker (Djinni Fire Elementalist)     Turns: 1878, Time: 00:04:49

Health: -4/33      AC:  2    Str:  7    XL:     4   Next: 90%
Gold:   108        EV: 13    Int: 19    God:
                   SH:  0    Dex: 13

rFire   + + .      SeeInvis .    (no weapon)
rCold   x . .      Faith    .    (no shield)
rNeg    . . .      Spirit   .    a - +0 robe
rPois   ∞          Reflect  .    (no helmet)
rElec   .          Harm     .    (no cloak)
rCorr   .          Rampage  .    (no gloves)
Will    .....                    (boots unavailable)
Stlth   ++                       (no amulet)
HPRegen 0.25/turn                (no ring)
MPRegen 0.00/turn                (no ring)

@: flying, very slightly contaminated
A: sickness immunity, fire resistance 2, cold vulnerability 1, float, innate
caster, HP casting, extra vitality 1
a: no special abilities


You were on level 3 of the Dungeon.
You visited 1 branch of the dungeon, and saw 3 of its levels.

You collected 108 gold pieces.

Inventory:

Missiles
 c - 16 stones
Armour
 a - a +0 robe (worn)
Scrolls
 d - a scroll of summoning {unknown}
 e - a scroll of acquirement {unknown}
 g - a scroll of fear {unknown}
 h - a scroll of identify {unknown}
Potions
 b - 2 potions of magic
 f - 2 potions of curing {unknown}
 i - 2 potions of cancellation {unknown}
 j - a potion of heal wounds {unknown}


   Skills:
 + Level 1.7 Fighting
 + Level 3.4 Dodging
 - Level 2.0 Stealth
 + Level 3.0 Spellcasting


You couldn't memorise any spells.
You knew the following spells:

 Your Spells              Type           Power      Damage    Failure   Level
a - Foxfire               Conj/Fire      56%        2x1d6     4%          1
b - Scorch                Fire           28%        2d6       6%          2
c - Kindle Blastsparks    Fire/Tloc/Air  28%        2d12      13%         3
d - Inner Flame           Hex/Fire       14%        N/A       13%         3
e - Flame Wave            Conj/Fire      14%        2d6       38%         4
f - Slow                  Hex            56%        N/A       4%          1
Your spell library was empty.

Dungeon Overview and Level Annotations

Branches:
Dungeon (3/15)

Altars:


Innate Abilities, Weirdness & Mutations

You are immune to sickness and miasma.
You are immune to poison.
Your flesh is very heat resistant. (rF++)
You are vulnerable to cold. (rC-)
You float through the air rather than walking.
You learn spells naturally, not from books.
Your magical power is your life essence.
You have superior vitality. (+4 MHP)


Message History

Unknown command.
Casting: Foxfire (safe; 4% risk of failure)
Confirm with . or Enter, or press ? or * to list all spells.
You conjure some foxfire!
A giant cockroach comes into view.
An orc priest comes into view. It is wielding a +0 dagger.
Casting: Foxfire (safe; 4% risk of failure)
Confirm with . or Enter, or press ? or * to list all spells.
Flames lash the orc priest.
The orc priest is moderately wounded.
The orc priest's fire resistance burns away.
You hear a shout!
The orc priest casts a cantrip, but nothing happens.
The orc priest closely misses you.
The orc priest mumbles some strange prayers to Beogh against you.
Beogh smites you!
Casting: Scorch (safe; 6% risk of failure)
Confirm with . or Enter, or press ? or * to list all spells.
You miscast Scorch.
You are very lightly contaminated with residual magic.
Nothing appears to happen.
The orc priest closely misses you.
An orc comes into view. It is wielding a +0 short sword.
Casting: Scorch (safe; 6% risk of failure)
Confirm with . or Enter, or press ? or * to list all spells.
Flames lash the orc priest.
The orc priest is burned terribly!
The orc priest is almost dead.
The orc priest closely misses you.
The orc priest looks braver for a moment.
The orc priest hits you with a +0 hand axe.
* * * LOW HITPOINT WARNING * * *
Casting: Scorch (safe; 6% risk of failure)
Confirm with . or Enter, or press ? or * to list all spells.
Flames lash the orc priest.
The orc priest is moderately wounded.
The orc priest's fire resistance burns away.
* * * LOW HITPOINT WARNING * * *
The orc priest miscasts a cantrip.
The orc priest calls down the wrath of Beogh upon you.
Pain shoots through your body!
You die...

#..............
..####..###.#####.#
............#
..####..###.##
#......... .
#......### ...
##.####.#
#...B###...# [...
...oooo@.#.....###
#...o###...#...#
##. ##........
.###.### ## #


You could see 3 orc priests, 2 orcs and a giant cockroach.

Vanquished Creatures
  3 adders (D:2)
  2 worms
  2 dart slugs
  3 ball pythons (D:1)
  4 endoplasms
  4 giant cockroaches (D:1)
  3 goblins
  5 hobgoblins
  2 jackals (D:1)
  2 quokkas
  8 bats
  2 frilled lizards
  5 kobolds
  6 rats
51 creatures vanquished.

Vanquished Creatures (others)
  111 foxfires
111 creatures vanquished.

Grand Total: 162 creatures vanquished

Notes
Turn   | Place    | Note
-------+----------+-------------------------------------------
     0 | D:1      | oldmanjim the Djinni Fire Elementalist began the quest for
                  | the Orb.
     0 | D:1      | oldmanjim set off with the following spells memorised:
                  | Foxfire, Scorch, Kindle Blastsparks, Inner Flame, Flame
                  | Wave.
     0 | D:1      | Reached XP level 1. HP: 15/15 MP: 0/0
    93 | D:1      | Reached XP level 2. HP: 18/21 MP: 0/0
   281 | D:1      | Found a faded altar of an unknown god.
   377 | D:1      | Reached XP level 3. HP: 20/25 MP: 0/0
   377 | D:1      | Learned a level 1 spell: Slow
   825 | D:2      | Reached skill level 1 in Fighting
   913 | D:2      | Reached XP level 4. HP: 30/32 MP: 0/0
  1878 | D:3      | Killed from afar by an orc priest

Illustrated notes

Levels and vault maps discovered:
D:1:      lemuel_arrival_rhombus, layout_rooms, ebering_ecumenical_altar_mist
D:2:      layout_loops_corners, serial_aquarium, aquarium_bridge_square
          [aquarium_subvault_wall, aquarium_subvault_bridge,
          aquarium_subvault_window, aquarium_subvault_wall],
          aquarium_window_fake, aquarium_window_fake, aquarium_window_corner,
          aquarium_view_2d, grunt_ministairs_11
D:3:      layout_loops_ring

Skill      XL: |  1  2  3  4 |
---------------+-------------+-----
Stealth        | 2 |  2.0
Dodging        | 3 |  3.4
Fighting       | 1 |  1.7
Spellcasting   | 3 |  3.0

Action                   |  1- 3 |  4- 6 || total
-------------------------+-------+-------++-------
 Cast: Foxfire           |    55 |    18 ||    73
       Scorch            |     7 |    12 ||    19
Armor: Robe              |     5 |       ||     5
Dodge: Dodged            |    26 |     4 ||    30

Table legend: (Time is in decaauts)
 A = Elapsed time spent in this place.
 B = Non-inter-level travel time spent in this place.
 C = Inter-level travel time spent in this place.
 D = Time resting spent in this place.
 E = Time spent auto-exploring this place.
 F = Levels seen in this place.
 G = Mean time per level.
                   A        B        C        D        E       F      G
               +--------+--------+--------+--------+--------+-----+--------+
         Total |   1877 |   1870 |      7 |      0 |   1603 |   3 |  625.7 |
       Dungeon |   1877 |   1870 |      7 |      0 |   1603 |   3 |  625.7 |
               +--------+--------+--------+--------+--------+-----+--------+

Top non-repeatable levels by time:
     D:2: 1083 daAuts
     D:1: 643 daAuts
     D:3: 150 daAuts
